cohdb
Replays
Latest Replays
All Replays
Popular Replays
Top Player Replays
Match Explorer
How It Works
Community
CoH3 Stats
Reddit
Sign in to upload your games and track your stats! →
Sign in with Steam
Match 45652183
Unlisted
Match 45652183
Overview
Messages
Build Orders
End
Construct Barracks
Engineer Squad
Riflemen Squad
Selects Advanced Infantry Battlegroup
Riflemen Squad
Infantry Support Center
M1918 Browning Automatic Rifles
Selects Convert to Ranger Squad
Grenade Package
Construct Motor Pool
Selects Frontline Medical Station
Frontline Medical Station
M1 Anti-tank Gun Team
M1 Anti-tank Gun Team
Advanced Logistics
Engineer Squad
Riflemen Squad
M24 Chaffee Light Tank
Selects Ammunition Storage
Selects M2A1 105mm Howitzer Emplacement
.30 cal Machine Gun
Selects Free Fire Drills
Survival Training
Frontline Medical Station
Riflemen Squad
Selects Infantry Assault
Infantry Assault
Riflemen Squad
Infantry Assault
Riflemen Squad
Infantry Assault
Riflemen Squad
con_007
Faurix
aion907(ROK)
只因未来
mi prima de Cifuentes
BlackDolphin
牢虎
海绵宝宝伯约
0
0
Comments
sign in to comment!
No comments posted yet!